 Dungeon Crawl Stone Soup version 0.20.0-15-g7f486f2 (webtiles) character file.

51 meatball the Sneak (level 3, 0/25 HPs)
             Began as an Octopode Assassin on July 1, 2017.
             Slain by a gnoll
             ... wielding a +0 spear
              (1 damage)
             ... on level 2 of the Dungeon.
             The game lasted 00:04:29 (1017 turns).

meatball the Sneak (Octopode Assassin)              Turns: 1017, Time: 00:04:29

Health: 0/25       AC:  1    Str: 10    XL:     3   Next: 83%
Magic:  3/3        EV: 18    Int: 13    God:
Gold:   53         SH:  0    Dex: 19    Spells: 2/2 levels left

rFire    . . .     SeeInvis .   a - +2 dagger
rCold    . . .     Gourm    .   (no shield)
rNeg     . . .     Faith    .   (helmet restricted)
rPois    .         Spirit   .   (no amulet)
rElec    .         Reflect  .   (no ring)
rCorr    .         Harm     .   (no ring)
MR       .....                  (no ring)
Stlth    ++++++....             (no ring)
Regen    0.1/turn               (no ring)
MPRegen  0.1/turn               (no ring)
                                (no ring)
                                (no ring)

@: agile
A: almost no armour, stealthy swim, amphibious, 8 rings, constrict 8, camouflage
1, gelatinous body 1
a: no special abilities


You were on level 2 of the Dungeon.
You were not hungry.

You visited 1 branch of the dungeon, and saw 2 of its levels.

You collected 53 gold pieces.

Inventory:

Hand Weapons
 a - a +2 dagger (weapon)
 b - a +0 blowgun
Missiles
 c - 8 poisoned needles
 d - 2 curare-tipped needles
 j - 2 tomahawks (quivered)
Jewellery
 m - an uncursed amulet of magic regeneration {unknown}
 p - a +4 amulet of reflection {unknown}
Scrolls
 e - a scroll of blinking {unknown}
 k - a scroll of immolation {unknown}
 n - 3 scrolls of identify {unknown}
 o - a scroll of enchant weapon {unknown}
 s - a scroll of recharging {unknown}
Potions
 h - a potion of might {unknown}
 l - a potion of brilliance {unknown}
 q - a potion of agility
Comestibles
 f - a bread ration
 g - a meat ration
 i - 5 chunks of flesh
 r - a royal jelly


   Skills:
 + Level 2.4 Fighting
 + Level 2.8 Short Blades
 - Level 2.0 Throwing
 - Level 1.0 Dodging
 + Level 6.4 Stealth


You had 2 spell levels left.
You didn't know any spells.

Dungeon Overview and Level Annotations

Branches:
Dungeon (2/15)

Altars:
Ashenzari


Innate Abilities, Weirdness & Mutations

You cannot wear most types of armour.
You are very stealthy in the water. (Stealth+)
You are amphibious.
You can wear up to eight rings at the same time.
You can use your tentacles to constrict eight enemies at once.
Your skin changes colour to match your surroundings (Stealth+).
Your rubbery body absorbs attacks. (AC +1, EV +1)


Message History

A gnoll comes into view. It is wielding a whip.
Found a stone staircase leading up.
An ooze comes into view. 2 gnolls come into view.
The gnoll shouts!
Found a hand axe.
A gnoll comes into view. It is wielding a flail.
The gnoll hits you with a spear.
You hit the gnoll. You grab the gnoll.
The gnoll is lightly wounded.
You constrict the gnoll. The gnoll hits you with a spear!
You hit the gnoll.
You squeeze the gnoll, but do no damage.
The gnoll is moderately wounded.
You constrict the gnoll. The gnoll hits you with a spear!
* * * LOW HITPOINT WARNING * * *
It was a potion of agility.
You feel agile all of a sudden.
You constrict the gnoll. The gnoll hits you with a spear.
You die...

....).... ........# ###
g.......# #.. g.......#
#.# ..<.....# #.#
........# #.# ...?....#
#.############
........####@#..........##
...........g.............#
....#....................#
... #..............).....#
. #.............รท......#
#....................#
#....................#
#....................#
##########.....<.....#


You could see a gnoll.

Vanquished Creatures
  2 adders (D:2)
  3 leopard geckos (D:1)
  2 giant cockroaches (D:1)
  2 goblins (D:1)
  2 hobgoblins (D:1)
  A ball python (D:1)
  3 bats
  A frilled lizard (D:1)
  4 kobolds
  15 rats (D:1)
35 creatures vanquished.

Notes
Turn   | Place    | Note
-------+----------+-------------------------------------------
     0 | D:1      | meatball the Octopode Assassin began the quest for the Orb.
     0 | D:1      | Reached XP level 1. HP: 14/14 MP: 1/1
   120 | D:1      | Reached XP level 2. HP: 19/19 MP: 2/2
   161 | D:1      | Reached skill level 6 in Stealth
   508 | D:1      | Reached XP level 3. HP: 15/24 MP: 3/3
   813 | D:1      | Found a shattered altar of Ashenzari.
  1016 | D:2      | HP: 1/25 [gnoll/spear (11)]
  1017 | D:2      | Slain by a gnoll

Skill      XL: |  1  2 |
---------------+-------+-----
Stealth        | 6 |  6.4
Fighting       | |  2.4
Short Blades   | |  2.8
Throwing       | |  2.0
Dodging        | |  1.0

Action                   || total
-------------------------++-------
Melee: Dagger            ||    61
       Constrict         ||    15
       Tentacles         ||     5
  Use: Potion            ||     1
 Stab: Sleeping          ||    12
       Distracted        ||     1
Armor: Skin              ||     3
Dodge: Dodged            ||    13
